 Dungeon Crawl Stone Soup version 0.28-a0-664-gc179e30c89 (webtiles) character file.

Game seed: 4710095413157300501

2643 flotson the Skirmisher (level 9, -2/69 HPs)
             Began as a Demonspawn Delver on Oct 15, 2021.
             Was an Initiate of Gozag.
             Killed from afar by a centaur (27 damage)
             ... with a bolt of acid
             ... on level 8 of the Dungeon.
             The game lasted 00:14:03 (11327 turns).

flotson the Skirmisher (Demonspawn Delver)         Turns: 11327, Time: 00:14:04

Health: -2/69      AC:  8    Str: 12    XL:     9   Next: 35%
Magic:  12/12      EV: 13    Int: 19    God:    Gozag
Gold:   335        SH:  0    Dex: 22    Spells: 4/12 levels left

rFire   + . .      SeeInvis .   a - +0 hand axe (elec)
rCold   . . .      Faith    .   (no shield)
rNeg    + + .      Spirit   .   p - +0 ring mail
rPois   .          Reflect  .   (no helmet)
rElec   .          Harm     .   J - +1 cloak of Shielding {rN++ Will+ Str-3 Int+4}
rCorr   .          Rampage  .   (no gloves)
Will    +....                   (no boots)
Stlth   +++.......              (no amulet)
HPRegen 0.21/turn               B - ring of protection from fire
MPRegen 0.26/turn               y - +6 ring of dexterity

@: no status effects
A: demonic guardian 3, magic regeneration, big brain 2, demonic touch 1
a: Renounce Religion, Potion Petition, Call Merchant, Bribe Branch


You were on level 8 of the Dungeon.
You worshipped Gozag.
Gozag was aware of your devotion.
You visited 2 branches of the dungeon, and saw 9 of its levels.

You collected 929 gold pieces.
You spent 485 gold pieces at shops.
You paid 109 gold pieces to Gozag.

Inventory:

Hand Weapons
 a - a +0 hand axe of electrocution (weapon)
 b - a +0 arbalest
Missiles
 k - 5 boomerangs (quivered)
 C - 9 poisoned darts
 G - 14 boomerangs of dispersal
 I - 6 bolts
 K - a curare-tipped dart
Armour
 p - a +0 ring mail (worn)
 J - the +1 cloak of Shielding (worn) {rN++ Will+ Str-3 Int+4}
   (You bought it in a shop on level 5 of the Dungeon)

   Str:       It affects your strength (-3).
   Int:       It affects your intelligence (+4).
   rN:        It greatly protects you from negative energy.
   Will:      It increases your willpower.
Jewellery
 w - a ring of resist corrosion
 y - a +6 ring of dexterity (right hand)
 B - a ring of protection from fire (left hand)
Wands
 g - a wand of digging (3)
 u - a wand of flame (11)
 v - a wand of mindburst (10)
 x - a wand of charming (6)
 F - a wand of iceblast (15)
Scrolls
 c - a scroll of fog
 d - 2 scrolls of magic mapping
 e - 2 scrolls of fear
 f - 2 scrolls of blinking
 i - 3 scrolls of identify
 m - 4 scrolls of noise
 o - 2 scrolls of amnesia {unknown}
 q - a scroll of torment {unknown}
 r - a scroll of summoning {unknown}
 s - 2 scrolls of enchant armour {unknown}
 t - a scroll of enchant weapon
 A - a scroll of teleportation {unknown}
 D - a scroll of silence {unknown}
 E - a scroll of immolation {unknown}
Potions
 h - 2 potions of might
 j - 2 potions of invisibility
 l - 2 potions of curing
 n - 5 potions of heal wounds
 z - a potion of mutation
 H - a potion of cancellation


   Skills:
 + Level 5.8 Fighting
 + Level 3.8 Axes
 - Level 3.5 Throwing
 + Level 4.2 Armour
 + Level 4.7 Dodging
 - Level 4.5 Stealth
 + Level 2.3 Spellcasting
 + Level 2.7 Conjurations
 + Level 2.5 Fire Magic
 + Level 2.6 Air Magic
 + Level 2.8 Poison Magic
 - Level 3.0 Evocations


You had 4 spell levels left.
You knew the following spells:

 Your Spells              Type           Power      Damage    Failure   Level
a - Foxfire               Conj/Fire      48%        2x1d6     12%         1
b - Mephitic Cloud        Conj/Pois/Air  12%        N/A       34%         3
c - Flame Wave            Conj/Fire      12%        3d4       75%         4

Your spell library contained the following spells:

 Spells                   Type           Power      Damage    Failure   Level
 Magic Dart               Conj           48%        1d5       11%         1
 Conjure Flame            Conj/Fire      12%        6-21      34%         3
 Call Imp                 Summ           2%         N/A       45%         2
 Inner Flame              Hex/Fire       6%         N/A       52%         3


Dungeon Overview and Level Annotations

Branches:
Dungeon (8/15)             Temple (1/1) D:6
   Lair: D:8-11

Altars:
Ashenzari
Dithmenos
Elyvilon
Fedhas
Gozag
Hepliaklqana
Kikubaaqudgha
Makhleb
Nemelex Xobeh
Okawaru
Ru
Sif Muna
Trog
Uskayaw
Vehumet
Wu Jian
Xom
Zin
The Shining One

Shops:
D:5 [

Annotations:
D:6 Sigmund


Innate Abilities, Weirdness & Mutations

A powerful demonic guardian rushes to your aid.
You regenerate magic rapidly.
You have an extremely huge brain. (Int +4)
Your touch may inflict minor irresistible damage on your foes.


Message History

K - a curare-tipped dart You now have 335 gold pieces (gained 7).
You see here a +0 dagger.
n - 5 potions of heal wounds (gained 1)
i - 3 scrolls of identify (gained 1)
A kobold comes into view. It is wielding a +0 short sword.
Found a black potion. 3 yaks and a kobold come into view. 2 yaks and a kobold come into view.
The yak bellows!
The kobold shouts!
The yak bellows!
You hear a shout!
A kobold comes into view. It is wielding a +0 short sword.
A kobold brigand comes into view.
It is wielding a +0 dagger and quivering poisoned darts.
The yak bellows!
The kobold shouts!
A kobold comes into view. It is wielding a +2 dagger of speed.
The yak gores you!
The yak bellows!
The kobold shouts!
You hit the yak.
The yak is lightly wounded.
The yak gores you.
You closely miss the yak.
The yak is lightly wounded.
You hit the yak. The yak gores you. The yak gores you!
A centaur comes into view. It is carrying a wand of acid (12).
The yak completely misses you.
You hit the yak.
The yak is lightly wounded.
You hit the yak. You closely miss the kobold.
The centaur zaps a wand.
The bolt of acid hits you! The kobold hits you but does no damage.
The centaur zaps a wand.
The bolt of acid misses you.
You are too injured to fight recklessly!
You are too injured to fight recklessly!
You are too injured to fight recklessly!
Unknown command.
The centaur wields a +0 shortbow.
The centaur shoots an arrow.
The arrow hits you. The yak misses you.
The centaur zaps a wand.
The bolt of acid hits you!!
You die...
Your body crumbles into a pile of gold.

..... ....... #.#.#.
.#.#######....# .# #...#.
...^..........# ##.##
##..#. ..............#
#...##### ..#.
..............# #....K...
..##
..............####KK......
..#
................##YY.K....
..#
..........#####c##YKY.#'##
..#
############....@..YK.....
.># #.##.#######.## # #.#
$ #.# #.# #.# #.# #!#


You could see 4 yaks, a kobold brigand, a centaur and 3 kobolds.

Vanquished Creatures
  A wyvern (D:7)
  A water moccasin (D:7)
  An ice beast (D:6)
  4 ogres
  A centaur (D:8)
  A phantom (D:6)
  2 bullfrogs
  2 kobold brigands
  6 wights
  3 hounds
  3 centaur skeletons
  2 orc priests (D:4)
  2 jellies
  An iguana (D:5)
  3 orc wizards
  2 killer bee zombies (D:7)
  A howler monkey zombie (D:6)
  6 adders
  A white imp (D:6)
  An ufetubus (D:7)
  3 worms (D:2)
  10 orcs
  2 endoplasms
  2 giant cockroaches
  2 goblins
  6 hobgoblins
  10 kobolds
  3 quokkas
  3 ball pythons
  8 bats
  3 frilled lizards
  6 rats
102 creatures vanquished.

Vanquished Creatures (collateral kills)
  A water moccasin (D:6)
  An ogre (D:4)
  3 phantoms
  4 wights (D:6)
  A hound (D:6)
  A jelly (D:6)
  An orc priest (D:6)
  An iguana (D:6)
  An orc wizard (D:6)
  2 adders
  An ufetubus (D:6)
  3 orcs
  2 endoplasms
  2 jackals (D:2)
  2 kobolds
  A rat (D:2)
27 creatures vanquished.

Vanquished Creatures (others)
  7 fungi (D:3)
  9 plants (D:2)
16 creatures vanquished.

Grand Total: 145 creatures vanquished

Notes
Turn   | Place    | Note
-------+----------+-------------------------------------------
     0 | D:5      | flotson the Demonspawn Delver began the quest for the Orb.
     0 | D:5      | Reached XP level 1. HP: 18/18 MP: 1/1
   824 | D:1      | Gained mutation: A weak demonic guardian rushes to your
                  | aid. [demonic ancestry]
   824 | D:1      | Reached XP level 2. HP: 17/24 MP: 2/2
  1649 | D:2      | Gained mutation: You have an unusually large brain. (Int
                  | +2) [demonic ancestry]
  1649 | D:2      | Reached XP level 3. HP: 16/29 MP: 3/3
  1916 | D:2      | Reached skill level 1 in Armour
  1918 | D:2      | Reached skill level 1 in Throwing
  2289 | D:2      | Found a faded altar of an unknown god.
  2352 | D:2      | Reached XP level 4. HP: 12/35 MP: 4/4
  3016 | D:3      | Found a hazy altar of Hepliaklqana.
  3797 | D:4      | Noticed an ogre
  3804 | D:4      | Killed an ogre
  3805 | D:4      | Gained mutation: A demonic guardian rushes to your aid.
                  | [demonic ancestry]
  3805 | D:4      | Reached XP level 5. HP: 10/42 MP: 5/5
  3994 | D:4      | Reached skill level 4 in Fighting
  4070 | D:4      | Noticed a phantom
  4087 | D:4      | Killed a phantom
  4088 | D:4      | Gained mutation: You regenerate magic rapidly. [demonic
                  | ancestry]
  4088 | D:4      | Reached XP level 6. HP: 31/48 MP: 6/6
  4229 | D:4      | Reached skill level 1 in Evocations
  4845 | D:4      | Gained mutation: You have an extremely huge brain. (Int +4)
                  | [demonic ancestry]
  4845 | D:4      | Reached XP level 7. HP: 55/55 MP: 7/7
  5222 | D:5      | Found Oblo's Armour Shop.
  6079 | D:6      | Found a shadowy altar of Dithmenos.
  6083 | D:6      | Learned a level 1 spell: Foxfire
  6087 | D:6      | Learned a level 3 spell: Mephitic Cloud
  6130 | D:6      | HP: 2/50 [phantom (6)]
  6163 | D:6      | HP: 2/48 [wight (1)]
  6576 | D:6      | Reached skill level 5 in Fighting
  6688 | D:6      | Found a staircase to the Ecumenical Temple.
  6710 | Temple   | Entered the Ecumenical Temple
  6772 | Temple   | Became a worshipper of Gozag Ym Sagoz the Greedy
  6801 | D:6      | Gained mutation: A powerful demonic guardian rushes to your
                  | aid. [demonic ancestry]
  6801 | D:6      | Reached XP level 8. HP: 31/62 MP: 8/8
  6964 | D:6      | Reached skill level 1 in Poison Magic
  7025 | D:6      | Reached skill level 1 in Conjurations
  7038 | D:6      | Reached skill level 1 in Fire Magic
  7038 | D:6      | Reached skill level 1 in Air Magic
  7043 | D:6      | Reached skill level 1 in Spellcasting
  7616 | D:6      | Learned a level 4 spell: Flame Wave
  7797 | D:6      | Noticed Sigmund
  7990 | D:6      | HP: 1/52 [ogre (23)]
  7993 | D:6      | Found a sparkling altar of Nemelex Xobeh.
  9664 | D:7      | Gained mutation: Your touch may inflict minor irresistible
                  | damage on your foes. [demonic ancestry]
  9664 | D:7      | Reached XP level 9. HP: 54/68 MP: 11/11
 10252 | D:7      | Found a blossoming altar of Fedhas.
 10643 | D:7      | Found an iron altar of Okawaru.
 10780 | D:5      | Bought the +1 cloak of Shielding {rN++ Will+ Str-3 Int+4}
                  | for 485 gold pieces
 11327 | D:8      | Killed from afar by a centaur

Illustrated notes

Levels and vault maps discovered:
D:1:      lightli_arrival_chessboard, layout_loops_corners
D:2:      minmay_chambers_of_ones, layout_rooms, serial_bayou,
          serial_bayou_pond_e, serial_bayou_lagoon_b, serial_bayou_shore_b,
          serial_bayou_pond_b, basic_altar,
          hellmonk_ecumenical_altar_slurped_away
D:3:      layout_loops_ring, mainiacjoe_overflow_alcove_4, serial_rivers,
          chequers_serial_rivers_large_a, chequers_serial_rivers_micro_b,
          chequers_serial_rivers_small_3, chequers_serial_rivers_large_b
D:4:      layout_basic
D:5:      layout_cave_pools, serial_shops, shop_fountains, minivault_19
D:6:      minmay_octagon_keep, layout_layer_cave, nemelex_dance_club_becter,
          mainiacjoe_overflow_small_starburst, minmay_temple_entry_stoned_glass,
          uniq_sigmund
D:7:      layout_loops_ring, nicolae_overflow_hidden_temple, fedhas_altar_4,
          minivault_5, minmay_unpleasant_kobolds
D:8:      layout_basic, serial_shops, nicolae_shop_statue_plus
Temple:   cyrus_circular_temple

Skill      XL: |  1  2  3  4  5  6  7  8  9 |
---------------+----------------------------+-----
Axes           | 2 3 |  3.8
Dodging        | 2 3 4 |  4.7
Armour         | 1 2 3 4 |  4.2
Throwing       | 1 2 3 |  3.5
Fighting       | 4 5 |  5.8
Evocations     | 1 2 3 |  3.0
Poison Magic   | 2 |  2.8
Conjurations   | 2 |  2.7
Fire Magic     | 2 |  2.5
Air Magic      | 2 |  2.6
Spellcasting   | 1 2 |  2.3
Stealth        | |  4.5

Action                   |  1- 3 |  4- 6 |  7- 9 || total
-------------------------+-------+-------+-------++-------
Melee: Hand axe          |    65 |       |    98 ||   163
       Rapier            |    50 |    32 |       ||    82
       Quarterstaff      |       |    71 |   170 ||   241
       Touch             |       |       |    17 ||    17
Throw: Boomerang         |     1 |       |    16 ||    17
  Use: Potion            |       |       |     5 ||     5
       Scroll            |       |       |     6 ||     6
 Stab: Sleeping          |     3 |     2 |     4 ||     9
       Distracted        |       |       |     3 ||     3
       Invisible         |       |       |     1 ||     1
Armor: Leather armour    |    50 |     3 |       ||    53
       Scale mail        |       |    62 |   125 ||   187
       Ring mail         |       |       |     7 ||     7
Dodge: Dodged            |    91 |    67 |   237 ||   395

Table legend: (Time is in decaauts)
 A = Elapsed time spent in this place.
 B = Non-inter-level travel time spent in this place.
 C = Inter-level travel time spent in this place.
 D = Time resting spent in this place.
 E = Time spent auto-exploring this place.
 F = Levels seen in this place.
 G = Mean time per level.
                   A        B        C        D        E       F      G
               +--------+--------+--------+--------+--------+-----+--------+
         Total |  11482 |  10786 |    696 |    773 |   8499 |   9 | 1275.8 |
       Dungeon |  11404 |  10723 |    681 |    773 |   8457 |   8 | 1425.5 |
        Temple |     77 |     62 |     15 |      0 |     42 |   1 |   77.0 |
               +--------+--------+--------+--------+--------+-----+--------+

Top non-repeatable levels by time:
     D:6: 3420 daAuts
     D:4: 1598 daAuts
     D:2: 1409 daAuts
     D:7: 1247 daAuts
     D:1: 1145 daAuts
     D:5: 1102 daAuts
     D:3: 1065 daAuts
     D:8: 414 daAuts
  Temple: 77 daAuts
